3205 views
Uploaded 2020-06-22 14:23:44
Game version 1.32.6 / 1.32.7
32:31 long 4on4 ladder game on (8)Sanctuary_LV
Saved by BaDitO2
3205 views
Uploaded 2020-06-22 14:23:44
Game version 1.32.6 / 1.32.7
32:31 long 4on4 ladder game on (8)Sanctuary_LV


254 units @ 37k
/ 7.2k
135 buildings @ 16.9k
/ 7.7k

x1)
| Scroll of Regeneration | 5 | 500 |
| Potion of Healing | 3 | 450 |
| Scroll of Town Portal | 6 | 2100 |
| Potion of Lesser Invulnerability | 1 | 150 |
| Tome of Retraining | 1 | 300 |
| total: | 16 | 3500g |
| Peasant | 18 | 1350 | / | 0 |
| Footman | 14 | 1890 | / | 0 |
| Flying Machine | 7 | 700 | / | 210 |
| Siege Engine | 27 | 5265 | / | 1620 |
| Goblin Zeppelin | 1 | 240 | / | 60 |
| Goblin Sapper | 3 | 645 | / | 300 |
| Mountain Giant | 4 | 1400 | / | 400 |
| Archer | 4 | 520 | / | 40 |
| total: | 78 | 12010g | / | 2630w |
| Scout Tower | 4 | 120 | / | 80 |
| Arcane Tower | 1 | 70 | / | 50 |
| Guard Tower | 2 | 140 | / | 100 |
| Altar of Kings | 1 | 180 | / | 50 |
| Farm | 22 | 1760 | / | 440 |
| Barracks | 1 | 160 | / | 60 |
| Town Hall | 3 | 1155 | / | 615 |
| Lumber Mill | 2 | 240 | / | 0 |
| Arcane Vault | 1 | 130 | / | 30 |
| Blacksmith | 1 | 140 | / | 60 |
| Workshop | 4 | 560 | / | 560 |
| Keep | 1 | 320 | / | 210 |
| Castle | 1 | 360 | / | 210 |
| total: | 39 | 4445g | / | 1895w |
| 0:05 | Peasant |
| 0:05 | Peasant |
| 0:08 | Altar of Kings |
| 0:15 | Peasant |
| 0:24 | Farm |
| 0:26 | Peasant |
| 0:33 | Barracks |
| 0:40 | Peasant |
| 1:07 | Farm |
| 1:12 | Peasant |
| 1:12 | Peasant |
| 1:24 | Peasant |
| 1:26 | Farm |
| 1:36 | Footman |
| 1:46 | Footman |
| 2:17 | Footman |
| 2:24 | Farm |
| 2:39 | Summon Water Elemental |
| 2:39 | Footman |
| 2:54 | Footman |
| 3:14 | Footman |
| 3:22 | Peasant |
| 3:31 | Brilliance Aura |
| 3:35 | Town Hall |
| 3:39 | Lumber Mill |
| 3:51 | Lumber Mill |
| 4:12 | Footman |
| 4:15 | Peasant |
| 4:28 | Arcane Vault |
| 4:43 | Peasant |
| 4:43 | Peasant |
| 5:01 | Peasant |
| 5:05 | Peasant |
| 5:25 | Footman |
| 5:27 | Summon Water Elemental |
| 5:41 | Keep |
| 5:43 | Peasant |
| 5:46 | Scroll of Regeneration |
| 5:49 | Footman |
| 6:01 | Defend |
| 6:14 | Blacksmith |
| 6:46 | Footman |
| 7:06 | Footman |
| 7:08 | Farm |
| 7:15 | Footman |
| 7:29 | Scroll of Town Portal |
| 7:29 | Potion of Lesser Invulnerability |
| 7:37 | Black Gunpowder |
| 7:38 | Iron Plating |
| 8:01 | Scroll of Regeneration |
| 8:09 | Castle |
| 8:10 | Footman |
| 8:15 | Workshop |
| 8:19 | Improved Lumber Harvesting |
| 8:33 | Footman |
| 9:22 | Workshop |
| 9:51 | Workshop |
| 9:53 | Workshop |
| 10:16 | Brilliance Aura |
| 10:44 | Barrage |
| 10:47 | Advanced Lumber Harvesting |
| 10:52 | Farm |
| 10:52 | Farm |
| 10:53 | Farm |
| 10:54 | Farm |
| 10:54 | Farm |
| 10:55 | Farm |
| 10:55 | Farm |
| 10:56 | Farm |
| 10:56 | Farm |
| 10:58 | Farm |
| 10:59 | Farm |
| 11:00 | Farm |
| 11:00 | Farm |
| 11:01 | Farm |
| 11:02 | Farm |
| 11:19 | Scroll of Regeneration |
| 11:30 | Siege Engine |
| 11:42 | Scout Tower |
| 11:46 | Scout Tower |
| 11:49 | Peasant |
| 11:49 | Peasant |
| 11:50 | Peasant |
| 11:56 | Arcane Tower |
| 11:58 | Guard Tower |
| 12:01 | Scout Tower |
| 12:02 | Scout Tower |
| 12:14 | Siege Engine |
| 12:30 | Guard Tower |
| 12:58 | Siege Engine |
| 13:30 | Siege Engine |
| 13:55 | Siege Engine |
| 14:23 | Siege Engine |
| 14:33 | Flying Machine |
| 14:36 | Siege Engine |
| 14:36 | Siege Engine |
| 15:15 | Scroll of Regeneration |
| 15:17 | Scroll of Town Portal |
| 15:18 | Potion of Healing |
| 15:24 | Farm |
| 15:24 | Farm |
| 15:26 | Siege Engine |
| 15:42 | Refined Gunpowder |
| 15:52 | Siege Engine |
| 16:32 | Steel Plating |
| 16:46 | Siege Engine |
| 16:46 | Siege Engine |
| 16:47 | Siege Engine |
| 16:47 | Siege Engine |
| 17:17 | Flying Machine |
| 17:17 | Flying Machine |
| 17:27 | Flying Machine |
| 17:48 | Flying Machine |
| 17:58 | Scroll of Town Portal |
| 18:16 | Mithril Plating |
| 19:24 | Flying Machine |
| 19:24 | Flying Machine |
| 19:34 | Scroll of Town Portal |
| 19:36 | Siege Engine |
| 19:36 | Siege Engine |
| 20:58 | Siege Engine |
| 21:48 | Siege Engine |
| 22:40 | Siege Engine |
| 23:08 | Scroll of Town Portal |
| 23:49 | Siege Engine |
| 23:50 | Siege Engine |
| 25:04 | Goblin Zeppelin |
| 25:17 | Town Hall |
| 26:05 | Siege Engine |
| 26:08 | Scroll of Town Portal |
| 26:08 | Scroll of Regeneration |
| 26:11 | Summon Water Elemental |
| 26:12 | Potion of Healing |
| 26:15 | Potion of Healing |
| 26:47 | Mountain Giant |
| 26:47 | Mountain Giant |
| 26:48 | Mountain Giant |
| 26:48 | Mountain Giant |
| 26:52 | Archer |
| 26:52 | Archer |
| 26:55 | Archer |
| 26:55 | Archer |
| 26:57 | Siege Engine |
| 28:37 | Goblin Sapper |
| 28:38 | Goblin Sapper |
| 28:38 | Goblin Sapper |
| 29:06 | Siege Engine |
| 30:09 | Siege Engine |
| 30:44 | Siege Engine |
| 30:45 | Siege Engine |
| 31:00 | Tome of Retraining |
| 31:00 | Retrain Hero |
| 31:04 | Blizzard |
| 31:04 | Blizzard |
| 31:04 | Blizzard |
| 31:05 | Brilliance Aura |
| 31:05 | Brilliance Aura |
| 31:39 | Town Hall |
| Right click | 1555 |
| Select | 448 |
| Select group | 319 |
| Build/train/purchase | 212 |
| Chat | 192 |
| Misc. action | 77 |
| Assign group | 62 |
| Use ability | 24 |
| Esc | 18 |
| Item give/drop | 3 |
| Minimap ping | 1 |


| Scroll of Town Portal | 1 | 350 |
| total: | 1 | 350g |
| Wisp | 20 | 1200 | / | 0 |
| Archer | 12 | 1560 | / | 120 |
| Dryad | 11 | 1595 | / | 660 |
| Mountain Giant | 4 | 1400 | / | 400 |
| Hippogryph | 4 | 640 | / | 80 |
| Goblin Shredder | 1 | 375 | / | 100 |
| total: | 52 | 6770g | / | 1360w |
| Ancient Protector | 3 | 405 | / | 240 |
| Moon Well | 10 | 1800 | / | 400 |
| Altar of Elders | 1 | 180 | / | 50 |
| Ancient of War | 1 | 150 | / | 60 |
| Hunter's Hall | 1 | 210 | / | 100 |
| Ancient of Wonders | 2 | 180 | / | 60 |
| Tree of Life | 2 | 680 | / | 370 |
| Ancient of Lore | 3 | 465 | / | 435 |
| Ancient of Wind | 1 | 150 | / | 140 |
| Tree of Ages | 2 | 640 | / | 360 |
| Tree of Eternity | 1 | 330 | / | 200 |
| total: | 24 | 4220g | / | 1855w |
| 0:14 | Wisp |
| 0:14 | Wisp |
| 0:14 | Wisp |
| 0:16 | Wisp |
| 0:16 | Wisp |
| 0:20 | Moon Well |
| 0:32 | Altar of Elders |
| 1:09 | Moon Well |
| 1:22 | Wisp |
| 1:22 | Wisp |
| 1:23 | Wisp |
| 1:37 | Ancient of War |
| 2:17 | Moon Well |
| 2:38 | Archer |
| 2:39 | Archer |
| 2:39 | Archer |
| 2:39 | Archer |
| 2:46 | Archer |
| 2:55 | Wisp |
| 3:10 | Force of Nature |
| 3:30 | Tree of Ages |
| 3:42 | Hunter's Hall |
| 5:12 | Thorns Aura |
| 5:21 | Goblin Shredder |
| 5:51 | Moon Well |
| 5:53 | Tree of Eternity |
| 6:02 | Ancient of Lore |
| 6:07 | Ancient of Lore |
| 6:21 | Archer |
| 6:21 | Archer |
| 6:22 | Archer |
| 6:25 | Archer |
| 6:55 | Ancient Protector |
| 7:32 | Force of Nature |
| 8:07 | Ancient of Wonders |
| 8:09 | Dryad |
| 8:10 | Dryad |
| 8:10 | Dryad |
| 8:10 | Dryad |
| 8:46 | Tree of Life |
| 9:17 | Mountain Giant |
| 10:22 | Mountain Giant |
| 10:56 | Reinforced Hides |
| 10:56 | Strength of the Wild |
| 11:57 | Tree of Life |
| 12:05 | Abolish Magic |
| 12:07 | Hardened Skin |
| 12:10 | Resistant Skin |
| 12:15 | Trueshot Aura |
| 12:39 | Mountain Giant |
| 13:18 | Wisp |
| 13:18 | Wisp |
| 13:18 | Wisp |
| 14:02 | Moon Well |
| 14:09 | Ancient Protector |
| 14:57 | Dryad |
| 14:58 | Dryad |
| 15:15 | Moon Well |
| 15:20 | Moon Well |
| 15:27 | Wisp |
| 15:27 | Wisp |
| 16:27 | Ancient of Wind |
| 16:30 | Mountain Giant |
| 17:39 | Moon Well |
| 17:42 | Hippogryph |
| 17:42 | Hippogryph |
| 17:43 | Hippogryph |
| 17:51 | Improved Reinforced Hides |
| 18:53 | Dryad |
| 18:55 | Dryad |
| 18:59 | Druid of the Claw Adept Training |
| 19:24 | Wisp |
| 19:25 | Wisp |
| 19:25 | Wisp |
| 19:50 | Hippogryph |
| 20:24 | Wisp |
| 20:24 | Wisp |
| 20:24 | Wisp |
| 20:49 | Scroll of Town Portal |
| 20:58 | Ancient of Lore |
| 21:02 | Moon Well |
| 21:57 | Moon Well |
| 22:01 | Ancient Protector |
| 22:04 | Tree of Ages |
| 22:08 | Thorns Aura |
| 22:11 | Searing Arrows |
| 22:28 | Dryad |
| 22:29 | Dryad |
| 23:31 | Ancient of Wonders |
| 24:15 | Dryad |
| 24:23 | Archer |
| 24:23 | Archer |
| 24:23 | Archer |
| Right click | 261 |
| Select | 217 |
| Build/train/purchase | 86 |
| Select group | 65 |
| Assign group | 19 |
| Chat | 19 |
| Use ability | 15 |
| Remove unit | 2 |




| Scroll of Regeneration | 3 | 300 |
| Potion of Healing | 2 | 300 |
| Lesser Clarity Potion | 1 | 70 |
| Scroll of Town Portal | 2 | 700 |
| total: | 8 | 1370g |
| Peasant | 15 | 1125 | / | 0 |
| Footman | 11 | 1485 | / | 0 |
| Mortar Team | 2 | 360 | / | 140 |
| Flying Machine | 33 | 3300 | / | 990 |
| Knight | 2 | 490 | / | 120 |
| Spell Breaker | 6 | 1290 | / | 180 |
| Priest | 2 | 270 | / | 20 |
| Siege Engine | 3 | 585 | / | 180 |
| Goblin Shredder | 1 | 375 | / | 100 |
| total: | 75 | 9280g | / | 1730w |
| Scout Tower | 3 | 90 | / | 60 |
| Guard Tower | 1 | 70 | / | 50 |
| Altar of Kings | 1 | 180 | / | 50 |
| Barracks | 1 | 160 | / | 60 |
| Farm | 17 | 1360 | / | 340 |
| Blacksmith | 1 | 140 | / | 60 |
| Town Hall | 1 | 385 | / | 205 |
| Arcane Vault | 1 | 130 | / | 30 |
| Lumber Mill | 1 | 120 | / | 0 |
| Workshop | 4 | 560 | / | 560 |
| Arcane Sanctum | 5 | 750 | / | 700 |
| Keep | 2 | 640 | / | 420 |
| Castle | 1 | 360 | / | 210 |
| total: | 35 | 3875g | / | 2065w |
| 0:05 | Peasant |
| 0:06 | Peasant |
| 0:06 | Peasant |
| 0:06 | Peasant |
| 0:06 | Peasant |
| 0:06 | Peasant |
| 0:37 | Altar of Kings |
| 0:48 | Barracks |
| 1:01 | Farm |
| 1:09 | Farm |
| 1:12 | Peasant |
| 1:12 | Peasant |
| 1:23 | Peasant |
| 1:23 | Peasant |
| 1:32 | Peasant |
| 1:51 | Footman |
| 1:59 | Footman |
| 2:07 | Peasant |
| 2:28 | Keep |
| 2:37 | Summon Water Elemental |
| 2:43 | Farm |
| 2:46 | Farm |
| 3:03 | Defend |
| 3:31 | Blacksmith |
| 3:36 | Footman |
| 3:36 | Footman |
| 3:40 | Footman |
| 4:15 | Brilliance Aura |
| 4:33 | Town Hall |
| 4:40 | Farm |
| 4:50 | Peasant |
| 4:59 | Peasant |
| 5:58 | Summon Water Elemental |
| 6:01 | Goblin Shredder |
| 6:24 | Arcane Vault |
| 6:28 | Footman |
| 6:28 | Footman |
| 6:50 | Storm Bolt |
| 6:55 | Scroll of Regeneration |
| 6:55 | Scroll of Regeneration |
| 7:07 | Lumber Mill |
| 7:17 | Iron Forged Swords |
| 7:20 | Workshop |
| 8:02 | Castle |
| 8:05 | Workshop |
| 8:19 | Thunder Clap |
| 8:35 | Iron Plating |
| 8:37 | Black Gunpowder |
| 8:39 | Farm |
| 8:42 | Farm |
| 8:44 | Farm |
| 9:04 | Brilliance Aura |
| 9:18 | Footman |
| 9:18 | Footman |
| 9:20 | Flak Cannons |
| 9:21 | Flare |
| 9:23 | Arcane Sanctum |
| 9:23 | Arcane Sanctum |
| 9:24 | Farm |
| 9:25 | Improved Masonry |
| 9:32 | Footman |
| 9:32 | Footman |
| 10:16 | Potion of Healing |
| 10:16 | Potion of Healing |
| 10:17 | Lesser Clarity Potion |
| 10:17 | Scroll of Regeneration |
| 10:20 | Scroll of Town Portal |
| 10:46 | Sundering Blades |
| 10:46 | Animal War Training |
| 10:47 | Improved Lumber Harvesting |
| 10:50 | Fragmentation Shards |
| 10:51 | Control Magic |
| 10:52 | Priest Adept Training |
| 10:52 | Sorceress Adept Training |
| 11:02 | Steel Forged Swords |
| 11:04 | Farm |
| 11:28 | Thunder Clap |
| 11:39 | Mortar Team |
| 11:42 | Holy Light |
| 11:43 | Mortar Team |
| 11:44 | Sorceress Master Training |
| 12:10 | Flying Machine |
| 12:10 | Flying Machine |
| 12:10 | Flying Machine |
| 12:27 | Steel Plating |
| 13:32 | Knight |
| 13:32 | Knight |
| 13:48 | Spell Breaker |
| 14:00 | Spell Breaker |
| 14:34 | Flying Machine |
| 14:34 | Flying Machine |
| 14:34 | Flying Machine |
| 14:34 | Flying Machine |
| 15:50 | Workshop |
| 15:51 | Arcane Sanctum |
| 15:54 | Farm |
| 16:09 | Scout Tower |
| 16:09 | Scout Tower |
| 16:11 | Scout Tower |
| 16:18 | Refined Gunpowder |
| 16:23 | Advanced Masonry |
| 16:31 | Priest Master Training |
| 16:58 | Flying Machine |
| 16:58 | Flying Machine |
| 16:59 | Flying Machine |
| 16:59 | Flying Machine |
| 16:59 | Flying Machine |
| 17:26 | Storm Bolt |
| 17:27 | Devotion Aura |
| 17:35 | Flying Machine |
| 17:36 | Flying Machine |
| 17:36 | Flying Machine |
| 17:37 | Flying Machine |
| 17:38 | Brilliance Aura |
| 17:41 | Imbued Gunpowder |
| 17:59 | Mithril Plating |
| 18:28 | Flying Machine |
| 18:28 | Flying Machine |
| 18:28 | Flying Machine |
| 18:28 | Flying Machine |
| 18:46 | Scroll of Town Portal |
| 19:04 | Flying Machine |
| 20:53 | Devotion Aura |
| 21:04 | Thunder Clap |
| 21:12 | Imbued Masonry |
| 21:19 | Guard Tower |
| 21:20 | Farm |
| 21:22 | Farm |
| 21:22 | Farm |
| 21:29 | Spell Breaker |
| 21:29 | Spell Breaker |
| 21:29 | Spell Breaker |
| 21:29 | Spell Breaker |
| 22:14 | Holy Light |
| 22:46 | Arcane Sanctum |
| 22:46 | Arcane Sanctum |
| 22:47 | Workshop |
| 22:48 | Farm |
| 22:48 | Farm |
| 22:52 | Mass Teleport |
| 23:02 | Mithril Forged Swords |
| 23:20 | Flying Machine |
| 23:20 | Flying Machine |
| 23:20 | Flying Machine |
| 23:21 | Flying Machine |
| 23:57 | Avatar |
| 23:59 | Holy Light |
| 24:27 | Summon Water Elemental |
| 25:42 | Peasant |
| 25:55 | Flying Machine Bombs |
| 26:00 | Magic Sentry |
| 26:03 | Farm |
| 26:44 | Flying Machine |
| 26:45 | Flying Machine |
| 26:45 | Flying Machine |
| 26:45 | Flying Machine |
| 26:45 | Flying Machine |
| 26:45 | Flying Machine |
| 26:45 | Flying Machine |
| 26:46 | Flying Machine |
| 26:57 | Incinerate |
| 27:13 | Storm Bolt |
| 27:30 | Resurrection |
| 27:33 | Searing Arrows |
| 28:36 | Studded Leather Armor |
| 28:40 | Barrage |
| 30:27 | Siege Engine |
| 30:27 | Siege Engine |
| 30:28 | Siege Engine |
| 30:30 | Priest |
| 30:30 | Priest |
| 31:00 | Soul Burn |
| 32:06 | Blizzard |
| Select group | 1421 |
| Right click | 1173 |
| Select | 578 |
| Build/train/purchase | 258 |
| Misc. action | 137 |
| Chat | 122 |
| Use ability | 93 |
| Assign group | 87 |
| Minimap ping | 8 |
| Esc | 3 |
| Item give/drop | 2 |
| Remove unit | 2 |

| Scroll of Regeneration | 12 | 1200 |
| Lesser Clarity Potion | 9 | 630 |
| Potion of Healing | 7 | 1050 |
| Potion of Mana | 5 | 1000 |
| Orb of Fire | 1 | 325 |
| Scroll of Town Portal | 8 | 2800 |
| Boots of Speed | 1 | 250 |
| total: | 43 | 7255g |
| Peasant | 13 | 975 | / | 0 |
| Footman | 12 | 1620 | / | 0 |
| Knight | 9 | 2205 | / | 540 |
| Priest | 6 | 810 | / | 60 |
| Goblin Shredder | 9 | 3375 | / | 900 |
| total: | 49 | 8985g | / | 1500w |
| Scout Tower | 10 | 300 | / | 200 |
| Guard Tower | 6 | 420 | / | 300 |
| Altar of Kings | 1 | 180 | / | 50 |
| Farm | 13 | 1040 | / | 260 |
| Barracks | 3 | 480 | / | 180 |
| Arcane Vault | 2 | 260 | / | 60 |
| Town Hall | 4 | 1540 | / | 820 |
| Lumber Mill | 1 | 120 | / | 0 |
| Blacksmith | 1 | 140 | / | 60 |
| Arcane Sanctum | 2 | 300 | / | 280 |
| Keep | 1 | 320 | / | 210 |
| Castle | 1 | 360 | / | 210 |
| total: | 37 | 4360g | / | 1910w |
| 0:25 | Peasant |
| 0:34 | Peasant |
| 0:37 | Altar of Kings |
| 0:40 | Farm |
| 0:46 | Barracks |
| 0:50 | Peasant |
| 1:02 | Peasant |
| 1:15 | Peasant |
| 1:17 | Farm |
| 1:23 | Peasant |
| 1:40 | Peasant |
| 1:53 | Footman |
| 1:55 | Arcane Vault |
| 2:02 | Peasant |
| 2:08 | Footman |
| 2:15 | Peasant |
| 2:25 | Peasant |
| 2:39 | Storm Bolt |
| 3:28 | Bash |
| 3:34 | Town Hall |
| 3:49 | Peasant |
| 3:50 | Farm |
| 4:35 | Footman |
| 4:35 | Footman |
| 4:39 | Scroll of Regeneration |
| 4:40 | Lesser Clarity Potion |
| 4:42 | Scroll of Regeneration |
| 4:50 | Lumber Mill |
| 5:20 | Footman |
| 5:27 | Footman |
| 5:37 | Keep |
| 5:40 | Peasant |
| 5:40 | Peasant |
| 5:55 | Farm |
| 5:57 | Footman |
| 6:21 | Storm Bolt |
| 6:24 | Barracks |
| 6:42 | Blacksmith |
| 6:55 | Improved Masonry |
| 7:41 | Footman |
| 7:49 | Scroll of Regeneration |
| 7:50 | Lesser Clarity Potion |
| 7:58 | Castle |
| 8:00 | Improved Lumber Harvesting |
| 8:02 | Iron Forged Swords |
| 8:11 | Footman |
| 8:13 | Potion of Healing |
| 8:15 | Scroll of Town Portal |
| 8:16 | Lesser Clarity Potion |
| 8:24 | Advanced Masonry |
| 8:32 | Farm |
| 8:33 | Farm |
| 8:58 | Defend |
| 9:01 | Footman |
| 9:03 | Scroll of Town Portal |
| 9:03 | Scroll of Regeneration |
| 9:21 | Bash |
| 9:33 | Footman |
| 9:42 | Footman |
| 10:05 | Potion of Healing |
| 10:07 | Potion of Mana |
| 10:08 | Potion of Mana |
| 10:48 | Steel Forged Swords |
| 10:49 | Sundering Blades |
| 10:49 | Animal War Training |
| 10:51 | Barracks |
| 10:53 | Arcane Vault |
| 10:57 | Lesser Clarity Potion |
| 10:58 | Scroll of Regeneration |
| 11:15 | Advanced Lumber Harvesting |
| 11:15 | Imbued Masonry |
| 11:27 | Goblin Shredder |
| 11:27 | Goblin Shredder |
| 11:27 | Goblin Shredder |
| 11:27 | Goblin Shredder |
| 11:27 | Goblin Shredder |
| 11:27 | Goblin Shredder |
| 11:27 | Goblin Shredder |
| 11:27 | Goblin Shredder |
| 11:27 | Goblin Shredder |
| 11:35 | Iron Plating |
| 12:10 | Scout Tower |
| 12:11 | Scout Tower |
| 12:12 | Scout Tower |
| 12:16 | Scout Tower |
| 12:17 | Scout Tower |
| 12:18 | Scout Tower |
| 12:18 | Scout Tower |
| 12:35 | Mithril Forged Swords |
| 12:46 | Guard Tower |
| 12:51 | Guard Tower |
| 12:53 | Scroll of Regeneration |
| 12:53 | Lesser Clarity Potion |
| 12:56 | Potion of Mana |
| 12:56 | Scroll of Town Portal |
| 12:58 | Potion of Mana |
| 13:05 | Steel Plating |
| 13:07 | Guard Tower |
| 13:46 | Knight |
| 13:47 | Knight |
| 14:03 | Guard Tower |
| 14:04 | Scout Tower |
| 14:06 | Farm |
| 14:08 | Arcane Sanctum |
| 14:44 | Knight |
| 14:56 | Potion of Healing |
| 14:57 | Lesser Clarity Potion |
| 14:59 | Scroll of Regeneration |
| 15:03 | Scroll of Town Portal |
| 15:03 | Potion of Healing |
| 15:14 | Farm |
| 15:15 | Guard Tower |
| 15:19 | Farm |
| 15:20 | Farm |
| 15:22 | Magic Sentry |
| 15:25 | Priest Adept Training |
| 15:57 | Mithril Plating |
| 16:28 | Storm Bolt |
| 16:43 | Scroll of Regeneration |
| 16:48 | Scroll of Town Portal |
| 16:54 | Priest Master Training |
| 16:55 | Priest |
| 16:56 | Priest |
| 16:56 | Priest |
| 17:39 | Knight |
| 18:16 | Farm |
| 18:18 | Farm |
| 18:58 | Potion of Healing |
| 19:00 | Scroll of Regeneration |
| 19:03 | Scroll of Regeneration |
| 19:04 | Lesser Clarity Potion |
| 19:06 | Potion of Mana |
| 19:14 | Orb of Fire |
| 19:18 | Scroll of Town Portal |
| 19:48 | Arcane Sanctum |
| 19:50 | Farm |
| 21:01 | Avatar |
| 21:21 | Knight |
| 21:53 | Boots of Speed |
| 21:53 | Scroll of Town Portal |
| 22:51 | Lesser Clarity Potion |
| 22:53 | Scroll of Town Portal |
| 23:58 | Bash |
| 24:36 | Knight |
| 24:50 | Thunder Clap |
| 25:53 | Town Hall |
| 26:34 | Knight |
| 27:05 | Lesser Clarity Potion |
| 27:07 | Potion of Healing |
| 27:09 | Scroll of Regeneration |
| 27:18 | Knight |
| 27:29 | Potion of Healing |
| 27:54 | Scroll of Regeneration |
| 28:19 | Town Hall |
| 29:25 | Thunder Clap |
| 30:00 | Town Hall |
| 30:06 | Guard Tower |
| 30:09 | Knight |
| 30:10 | Priest |
| 30:10 | Priest |
| 30:10 | Priest |
| 31:55 | Scout Tower |
| 31:57 | Scout Tower |
| Select group | 1223 |
| Right click | 864 |
| Select | 415 |
| Chat | 295 |
| Build/train/purchase | 182 |
| Misc. action | 100 |
| Assign group | 61 |
| Use ability | 50 |
| Item give/drop | 3 |
| Minimap ping | 2 |
| Esc | 1 |
174 units @ 30.8k
/ 5.7k
103 buildings @ 13.5k
/ 5.8k


| Rod of Necromancy | 1 | 150 |
| Scroll of Town Portal | 2 | 700 |
| Scroll of Healing | 2 | 500 |
| total: | 5 | 1350g |
| Acolyte | 11 | 825 | / | 0 |
| Ghoul | 4 | 480 | / | 0 |
| Crypt Fiend | 8 | 1720 | / | 320 |
| Frost Wyrm | 5 | 1925 | / | 600 |
| Meat Wagon | 5 | 1150 | / | 250 |
| Abomination | 3 | 720 | / | 210 |
| total: | 36 | 6820g | / | 1380w |
| Nerubian Tower | 2 | 200 | / | 40 |
| Spirit Tower | 6 | 870 | / | 240 |
| Crypt | 1 | 200 | / | 50 |
| Graveyard | 1 | 215 | / | 0 |
| Ziggurat | 19 | 2850 | / | 950 |
| Altar of Darkness | 1 | 180 | / | 50 |
| Tomb of Relics | 1 | 130 | / | 30 |
| Sacrificial Pit | 1 | 75 | / | 150 |
| Slaughterhouse | 1 | 140 | / | 135 |
| Boneyard | 3 | 525 | / | 600 |
| Halls of the Dead | 1 | 320 | / | 210 |
| Black Citadel | 1 | 325 | / | 230 |
| Farm | 5 | 400 | / | 100 |
| total: | 33 | 4715g | / | 2065w |
| 0:03 | Acolyte |
| 0:04 | Acolyte |
| 0:14 | Crypt |
| 0:19 | Graveyard |
| 0:40 | Ziggurat |
| 0:57 | Altar of Darkness |
| 1:18 | Tomb of Relics |
| 1:22 | Ghoul |
| 1:47 | Ghoul |
| 1:52 | Ziggurat |
| 2:13 | Crypt Fiend |
| 2:37 | Crypt Fiend |
| 2:59 | Impale |
| 3:01 | Rod of Necromancy |
| 3:23 | Halls of the Dead |
| 3:46 | Ghoul |
| 3:48 | Ghoul |
| 4:13 | Ziggurat |
| 4:14 | Ziggurat |
| 4:23 | Spiked Carapace |
| 4:43 | Crypt Fiend |
| 5:22 | Crypt Fiend |
| 5:37 | Impale |
| 5:52 | Nerubian Tower |
| 6:07 | Sacrificial Pit |
| 6:09 | Acolyte |
| 6:10 | Acolyte |
| 6:57 | Crypt Fiend |
| 7:02 | Death Coil |
| 7:16 | Web |
| 7:45 | Black Citadel |
| 8:28 | Unholy Aura |
| 10:25 | Boneyard |
| 10:26 | Boneyard |
| 10:28 | Boneyard |
| 10:32 | Ziggurat |
| 10:33 | Ziggurat |
| 10:33 | Ziggurat |
| 11:03 | Crypt Fiend |
| 11:03 | Crypt Fiend |
| 11:03 | Crypt Fiend |
| 11:30 | Acolyte |
| 11:30 | Acolyte |
| 11:30 | Acolyte |
| 11:30 | Acolyte |
| 11:51 | Freezing Breath |
| 11:54 | Frost Wyrm |
| 12:36 | Spiked Carapace |
| 12:42 | Frost Wyrm |
| 12:46 | Ziggurat |
| 12:47 | Ziggurat |
| 13:16 | Frost Wyrm |
| 14:07 | Frost Wyrm |
| 15:12 | Frost Wyrm |
| 15:19 | Ziggurat |
| 15:22 | Death Coil |
| 15:49 | Scroll of Town Portal |
| 17:25 | Scroll of Healing |
| 17:25 | Scroll of Healing |
| 18:40 | Impale |
| 18:51 | Acolyte |
| 18:51 | Acolyte |
| 18:51 | Acolyte |
| 19:04 | Scroll of Town Portal |
| 22:26 | Slaughterhouse |
| 24:06 | Meat Wagon |
| 24:06 | Meat Wagon |
| 24:07 | Abomination |
| 24:07 | Abomination |
| 24:08 | Abomination |
| 24:21 | Unholy Aura |
| 26:47 | Locust Swarm |
| 27:36 | Ziggurat |
| 27:37 | Ziggurat |
| 27:37 | Ziggurat |
| 27:38 | Ziggurat |
| 27:38 | Ziggurat |
| 27:39 | Ziggurat |
| 27:40 | Ziggurat |
| 27:42 | Ziggurat |
| 27:43 | Ziggurat |
| 27:46 | Spirit Tower |
| 28:31 | Spirit Tower |
| 28:32 | Spirit Tower |
| 28:39 | Spirit Tower |
| 28:42 | Nerubian Tower |
| 28:44 | Meat Wagon |
| 28:44 | Meat Wagon |
| 29:08 | Spirit Tower |
| 29:42 | Spirit Tower |
| 30:02 | Meat Wagon |
| 31:30 | Farm |
| 31:43 | Farm |
| 32:00 | Farm |
| 32:12 | Farm |
| 32:24 | Farm |
| Right click | 775 |
| Select | 386 |
| Build/train/purchase | 79 |
| Chat | 47 |
| Use ability | 46 |
| Select group | 32 |
| Assign group | 12 |
| Resource trade | 4 |
| Item give/drop | 2 |
| Minimap ping | 2 |
| Misc. action | 1 |


| Lesser Clarity Potion | 8 | 560 |
| Orb of Fire | 1 | 325 |
| Staff of Sanctuary | 1 | 250 |
| Potion of Mana | 1 | 200 |
| Scroll of Town Portal | 4 | 1400 |
| total: | 15 | 2735g |
| Peasant | 13 | 975 | / | 0 |
| Rifleman | 18 | 3690 | / | 540 |
| Flying Machine | 15 | 1500 | / | 450 |
| Knight | 9 | 2205 | / | 540 |
| Mortar Team | 2 | 360 | / | 140 |
| Goblin Shredder | 1 | 375 | / | 100 |
| total: | 58 | 9105g | / | 1770w |
| Altar of Kings | 1 | 180 | / | 50 |
| Blacksmith | 2 | 280 | / | 120 |
| Farm | 11 | 880 | / | 220 |
| Barracks | 2 | 320 | / | 120 |
| Town Hall | 2 | 770 | / | 410 |
| Lumber Mill | 1 | 120 | / | 0 |
| Arcane Vault | 1 | 130 | / | 30 |
| Workshop | 2 | 280 | / | 280 |
| Gryphon Aviary | 1 | 140 | / | 150 |
| Keep | 1 | 320 | / | 210 |
| Castle | 1 | 360 | / | 210 |
| total: | 23 | 3100g | / | 1380w |
| 0:04 | Peasant |
| 0:05 | Peasant |
| 0:05 | Peasant |
| 0:11 | Peasant |
| 0:30 | Peasant |
| 0:40 | Peasant |
| 0:53 | Altar of Kings |
| 0:58 | Peasant |
| 1:05 | Blacksmith |
| 1:09 | Farm |
| 1:11 | Peasant |
| 1:21 | Barracks |
| 1:26 | Peasant |
| 1:45 | Farm |
| 2:12 | Farm |
| 2:22 | Rifleman |
| 2:36 | Rifleman |
| 2:50 | Peasant |
| 2:52 | Rifleman |
| 2:54 | Storm Bolt |
| 3:52 | Keep |
| 4:02 | Thunder Clap |
| 4:09 | Town Hall |
| 4:41 | Farm |
| 4:47 | Lumber Mill |
| 5:19 | Rifleman |
| 5:21 | Farm |
| 5:27 | Peasant |
| 5:36 | Storm Bolt |
| 5:44 | Rifleman |
| 5:51 | Farm |
| 6:06 | Goblin Shredder |
| 6:23 | Rifleman |
| 6:50 | Rifleman |
| 7:07 | Thunder Clap |
| 7:39 | Workshop |
| 7:40 | Castle |
| 7:53 | Farm |
| 7:58 | Arcane Vault |
| 8:29 | Holy Light |
| 8:34 | Long Rifles |
| 8:40 | Workshop |
| 8:41 | Black Gunpowder |
| 9:09 | Flying Machine |
| 9:11 | Farm |
| 9:55 | Rifleman |
| 9:58 | Flak Cannons |
| 9:58 | Flying Machine |
| 10:31 | Rifleman |
| 10:31 | Rifleman |
| 10:48 | Gryphon Aviary |
| 10:57 | Flying Machine Bombs |
| 11:00 | Farm |
| 11:02 | Refined Gunpowder |
| 11:09 | Lesser Clarity Potion |
| 11:14 | Scroll of Town Portal |
| 11:15 | Orb of Fire |
| 11:19 | Lesser Clarity Potion |
| 11:21 | Rifleman |
| 11:41 | Flying Machine |
| 11:44 | Rifleman |
| 11:47 | Lesser Clarity Potion |
| 12:07 | Flying Machine |
| 12:31 | Flying Machine |
| 13:11 | Knight |
| 13:14 | Imbued Gunpowder |
| 13:27 | Flying Machine |
| 13:27 | Flying Machine |
| 13:35 | Devotion Aura |
| 13:43 | Storm Bolt |
| 13:47 | Flying Machine |
| 13:58 | Iron Plating |
| 14:16 | Flying Machine |
| 15:21 | Blacksmith |
| 15:30 | Lesser Clarity Potion |
| 15:34 | Scroll of Town Portal |
| 15:38 | Lesser Clarity Potion |
| 16:12 | Peasant |
| 16:12 | Peasant |
| 16:14 | Farm |
| 16:44 | Rifleman |
| 16:44 | Rifleman |
| 17:18 | Rifleman |
| 17:54 | Scroll of Town Portal |
| 17:55 | Staff of Sanctuary |
| 17:56 | Lesser Clarity Potion |
| 18:07 | Rifleman |
| 18:17 | Knight |
| 18:51 | Flying Machine |
| 18:56 | Lesser Clarity Potion |
| 18:58 | Scroll of Town Portal |
| 19:00 | Potion of Mana |
| 19:01 | Lesser Clarity Potion |
| 19:30 | Flying Machine |
| 19:30 | Flying Machine |
| 19:30 | Flying Machine |
| 19:38 | Holy Light |
| 19:54 | Flying Machine |
| 20:00 | Flying Machine |
| 20:10 | Farm |
| 20:46 | Knight |
| 21:10 | Town Hall |
| 21:11 | Knight |
| 21:53 | Knight |
| 21:55 | Mortar Team |
| 22:01 | Barracks |
| 22:40 | Knight |
| 22:57 | Knight |
| 23:06 | Fragmentation Shards |
| 23:12 | Avatar |
| 23:25 | Devotion Aura |
| 23:36 | Knight |
| 24:13 | Rifleman |
| 24:43 | Knight |
| 25:07 | Mortar Team |
| 28:09 | Rifleman |
| Right click | 1082 |
| Select group | 605 |
| Select | 504 |
| Chat | 286 |
| Assign group | 120 |
| Build/train/purchase | 115 |
| Use ability | 60 |
| Item give/drop | 11 |
| Minimap ping | 5 |
| Resource trade | 4 |
| Misc. action | 3 |


| Potion of Healing | 1 | 150 |
| Orb of Corruption | 1 | 375 |
| Scroll of Town Portal | 2 | 700 |
| total: | 4 | 1225g |
| Acolyte | 2 | 150 | / | 0 |
| Ghoul | 8 | 960 | / | 0 |
| Crypt Fiend | 12 | 2580 | / | 480 |
| Frost Wyrm | 7 | 2695 | / | 840 |
| total: | 29 | 6385g | / | 1320w |
| Nerubian Tower | 1 | 100 | / | 20 |
| Altar of Darkness | 1 | 180 | / | 50 |
| Ziggurat | 9 | 1350 | / | 450 |
| Crypt | 1 | 200 | / | 50 |
| Graveyard | 1 | 215 | / | 0 |
| Tomb of Relics | 1 | 130 | / | 30 |
| Necropolis | 2 | 450 | / | 0 |
| Sacrificial Pit | 1 | 75 | / | 150 |
| Boneyard | 1 | 175 | / | 200 |
| Halls of the Dead | 1 | 320 | / | 210 |
| Black Citadel | 1 | 325 | / | 230 |
| total: | 17 | 2775g | / | 930w |
| 0:15 | Altar of Darkness |
| 0:17 | Acolyte |
| 0:17 | Acolyte |
| 0:22 | Ziggurat |
| 0:42 | Crypt |
| 1:16 | Ziggurat |
| 1:49 | Graveyard |
| 1:55 | Ghoul |
| 1:56 | Ghoul |
| 2:00 | Ghoul |
| 2:43 | Ghoul |
| 2:44 | Ghoul |
| 2:48 | Ghoul |
| 2:53 | Ziggurat |
| 3:05 | Vampiric Aura |
| 3:25 | Ghoul |
| 3:44 | Ghoul |
| 4:31 | Crypt Fiend |
| 4:32 | Crypt Fiend |
| 5:03 | Sleep |
| 5:08 | Crypt Fiend |
| 5:10 | Crypt Fiend |
| 5:26 | Halls of the Dead |
| 5:51 | Tomb of Relics |
| 6:09 | Crypt Fiend |
| 6:10 | Crypt Fiend |
| 6:17 | Ziggurat |
| 6:20 | Ziggurat |
| 6:31 | Creature Attack |
| 6:31 | Creature Carapace |
| 7:57 | Black Citadel |
| 7:58 | Crypt Fiend |
| 8:05 | Vampiric Aura |
| 8:34 | Crypt Fiend |
| 8:35 | Crypt Fiend |
| 8:52 | Improved Creature Attack |
| 8:52 | Improved Creature Carapace |
| 8:57 | Web |
| 9:28 | Potion of Healing |
| 10:17 | Ziggurat |
| 11:12 | Unholy Aura |
| 11:16 | Sleep |
| 11:28 | Advanced Creature Attack |
| 11:28 | Advanced Creature Carapace |
| 12:10 | Ziggurat |
| 12:23 | Sacrificial Pit |
| 14:02 | Boneyard |
| 15:09 | Death Coil |
| 15:17 | Frost Wyrm |
| 15:17 | Frost Wyrm |
| 15:17 | Frost Wyrm |
| 15:25 | Crypt Fiend |
| 15:26 | Crypt Fiend |
| 15:27 | Crypt Fiend |
| 16:25 | Freezing Breath |
| 16:29 | Frost Wyrm |
| 16:35 | Ziggurat |
| 16:36 | Ziggurat |
| 16:52 | Scroll of Town Portal |
| 16:54 | Orb of Corruption |
| 17:34 | Frost Wyrm |
| 18:41 | Frost Wyrm |
| 19:16 | Scroll of Town Portal |
| 19:37 | Necropolis |
| 20:36 | Vampiric Aura |
| 21:13 | Frost Wyrm |
| 22:25 | Nerubian Tower |
| 23:38 | Necropolis |
| Right click | 713 |
| Select group | 179 |
| Select | 166 |
| Build/train/purchase | 57 |
| Assign group | 50 |
| Use ability | 14 |
| Resource trade | 5 |
| Item give/drop | 4 |
| Remove unit | 1 |


| Lesser Clarity Potion | 7 | 490 |
| Potion of Healing | 2 | 300 |
| Orb of Fire | 1 | 325 |
| Staff of Sanctuary | 1 | 250 |
| Scroll of Regeneration | 1 | 100 |
| Scroll of Town Portal | 3 | 1050 |
| total: | 15 | 2515g |
| Peasant | 14 | 1050 | / | 0 |
| Footman | 7 | 945 | / | 0 |
| Knight | 8 | 1960 | / | 480 |
| Spell Breaker | 7 | 1505 | / | 210 |
| Priest | 7 | 945 | / | 70 |
| Gryphon Rider | 4 | 1120 | / | 280 |
| Rifleman | 2 | 410 | / | 60 |
| Mortar Team | 1 | 180 | / | 70 |
| Goblin Shredder | 1 | 375 | / | 100 |
| total: | 51 | 8490g | / | 1270w |
| Scout Tower | 7 | 210 | / | 140 |
| Arcane Tower | 3 | 210 | / | 150 |
| Guard Tower | 3 | 210 | / | 150 |
| Barracks | 1 | 160 | / | 60 |
| Altar of Kings | 1 | 180 | / | 50 |
| Farm | 13 | 1040 | / | 260 |
| Arcane Vault | 1 | 130 | / | 30 |
| Lumber Mill | 1 | 120 | / | 0 |
| Town Hall | 1 | 385 | / | 205 |
| Blacksmith | 1 | 140 | / | 60 |
| Arcane Sanctum | 1 | 150 | / | 140 |
| Gryphon Aviary | 1 | 140 | / | 150 |
| Workshop | 2 | 280 | / | 280 |
| Keep | 1 | 320 | / | 210 |
| Castle | 1 | 360 | / | 210 |
| total: | 30 | 2935g | / | 1375w |
| 0:02 | Peasant |
| 0:08 | Barracks |
| 0:10 | Altar of Kings |
| 0:12 | Farm |
| 0:14 | Farm |
| 0:28 | Peasant |
| 0:41 | Peasant |
| 0:52 | Peasant |
| 1:07 | Peasant |
| 1:22 | Footman |
| 1:29 | Scout Tower |
| 1:31 | Peasant |
| 1:51 | Footman |
| 1:56 | Peasant |
| 1:58 | Arcane Tower |
| 2:07 | Farm |
| 2:27 | Footman |
| 2:30 | Storm Bolt |
| 2:40 | Defend |
| 2:43 | Peasant |
| 2:56 | Arcane Vault |
| 3:13 | Footman |
| 3:16 | Peasant |
| 3:47 | Keep |
| 4:04 | Lumber Mill |
| 4:11 | Bash |
| 4:27 | Footman |
| 5:21 | Town Hall |
| 5:22 | Scout Tower |
| 5:22 | Scout Tower |
| 5:26 | Footman |
| 5:31 | Blacksmith |
| 5:43 | Storm Bolt |
| 5:51 | Footman |
| 5:53 | Improved Masonry |
| 6:32 | Castle |
| 7:05 | Arcane Sanctum |
| 7:07 | Farm |
| 7:08 | Farm |
| 7:09 | Farm |
| 7:09 | Farm |
| 7:51 | Breath of Fire |
| 8:23 | Peasant |
| 8:23 | Peasant |
| 8:23 | Peasant |
| 8:24 | Peasant |
| 9:06 | Knight |
| 9:10 | Spell Breaker |
| 9:48 | Knight |
| 9:48 | Sundering Blades |
| 9:49 | Spell Breaker |
| 9:50 | Priest |
| 10:12 | Knight |
| 10:13 | Animal War Training |
| 10:14 | Magic Sentry |
| 10:18 | Drunken Haze |
| 10:46 | Arcane Tower |
| 10:46 | Guard Tower |
| 11:01 | Goblin Shredder |
| 11:11 | Spell Breaker |
| 11:11 | Priest |
| 11:11 | Priest Adept Training |
| 11:13 | Knight |
| 11:18 | Peasant |
| 11:23 | Lesser Clarity Potion |
| 11:28 | Lesser Clarity Potion |
| 11:53 | Scroll of Town Portal |
| 12:09 | Gryphon Aviary |
| 12:40 | Bash |
| 12:43 | Knight |
| 12:45 | Spell Breaker |
| 12:49 | Iron Forged Swords |
| 12:52 | Iron Plating |
| 12:52 | Steel Plating |
| 13:26 | Farm |
| 13:27 | Farm |
| 13:28 | Farm |
| 13:29 | Farm |
| 13:31 | Farm |
| 13:32 | Storm Hammers |
| 13:56 | Gryphon Rider |
| 13:59 | Long Rifles |
| 14:47 | Knight |
| 14:48 | Gryphon Rider |
| 14:49 | Priest Master Training |
| 14:50 | Priest |
| 15:18 | Scroll of Town Portal |
| 15:30 | Farm |
| 15:32 | Advanced Masonry |
| 15:49 | Lesser Clarity Potion |
| 15:49 | Lesser Clarity Potion |
| 16:18 | Priest |
| 16:20 | Steel Forged Swords |
| 16:20 | Mithril Plating |
| 16:22 | Improved Lumber Harvesting |
| 16:28 | Scout Tower |
| 16:29 | Scout Tower |
| 16:30 | Scout Tower |
| 16:30 | Scout Tower |
| 16:51 | Potion of Healing |
| 16:52 | Potion of Healing |
| 17:15 | Guard Tower |
| 17:36 | Imbued Masonry |
| 18:31 | Breath of Fire |
| 19:40 | Storm Bolt |
| 19:50 | Guard Tower |
| 21:12 | Knight |
| 21:13 | Priest |
| 21:13 | Spell Breaker |
| 21:55 | Knight |
| 21:56 | Spell Breaker |
| 21:56 | Priest |
| 22:07 | Workshop |
| 22:10 | Workshop |
| 22:13 | Scroll of Town Portal |
| 22:13 | Orb of Fire |
| 22:14 | Staff of Sanctuary |
| 22:21 | Lesser Clarity Potion |
| 22:23 | Lesser Clarity Potion |
| 22:34 | Gryphon Rider |
| 22:41 | Rifleman |
| 22:42 | Rifleman |
| 22:53 | Drunken Haze |
| 23:53 | Scroll of Regeneration |
| 23:54 | Lesser Clarity Potion |
| 23:59 | Spell Breaker |
| 23:59 | Priest |
| 24:23 | Mortar Team |
| 24:24 | Fragmentation Shards |
| 24:24 | Gryphon Rider |
| Right click | 907 |
| Select group | 680 |
| Select | 354 |
| Misc. action | 154 |
| Build/train/purchase | 154 |
| Chat | 118 |
| Use ability | 72 |
| Minimap ping | 41 |
| Assign group | 11 |
| Resource trade | 11 |
| Item give/drop | 7 |
| Esc | 1 |
⇛